 Dungeon Crawl Stone Soup version 0.26-a0-642-g67e9924 (webtiles) character file.

Game seed: 3766537228864161855

681 meowmixalot the Covert (level 7, -4/48 HPs)
             Began as an Octopode Brigand on Sept 21, 2020.
             Was an Initiate of Elyvilon.
             Slain by an ice beast (5 damage)
             ... on level 5 of the Dungeon.
             The game lasted 00:27:11 (3834 turns).

meowmixalot the Covert (Octopode Brigand)           Turns: 3834, Time: 00:27:12

Health: -4/48      AC:  1    Str: 12    XL:     7   Next: 61%
Magic:  7/7        EV: 16    Int: 13    God:    Elyvilon [......]
Gold:   181        SH:  0    Dex: 14    Spells: 6/6 levels left

rFire    . . .     SeeInvis .   a - +3 dagger
rCold    . . .     Faith    .   (no shield)
rNeg     + . .     Spirit   .   (helmet restricted)
rPois    .         Reflect  .   (no amulet)
rElec    .         Harm     .   m - ring of positive energy
rCorr    .         Rampage  .   (no ring)
MR       .....                  (no ring)
Stlth    +++++.....             (no ring)
HPRegen  0.16/turn              (no ring)
MPRegen  0.10/turn              (no ring)
                                (no ring)
                                (no ring)

@: no status effects
A: almost no armour, stealthy swim, amphibious, 8 rings, constrict 8, camouflage
1, gelatinous body 1
a: Renounce Religion


You were on level 5 of the Dungeon.
You worshipped Elyvilon.
Elyvilon was noncommittal.
You visited 1 branch of the dungeon, and saw 6 of its levels.

You collected 181 gold pieces.

Inventory:

Hand Weapons
 a - a +3 dagger (weapon)
 g - a +0 shortbow
 l - a +0 hunting sling
 p - a +0 hand crossbow
 t - a +1 dagger of chaos
Missiles
 b - 20 poisoned darts (quivered)
 c - 2 curare-tipped darts
 i - 122 arrows
 q - 21 sling bullets
Jewellery
 m - a ring of positive energy (left tentacle)
 x - an uncursed ring of protection from cold {unknown}
Wands
 u - a wand of flame (16)
 w - a wand of disintegration (5)
Scrolls
 f - a scroll of immolation {unknown}
 h - a scroll of enchant armour {unknown}
 j - 4 scrolls of teleportation
 k - 3 scrolls of remove curse
 v - a scroll of noise {unknown}
Potions
 d - a potion of brilliance
 e - a potion of heal wounds {unknown}
 n - a potion of mutation
 o - 2 potions of stabbing {unknown}
 r - a potion of degeneration {unknown}
 s - a potion of might {unknown}


   Skills:
 + Level 4.1 Fighting
 - Level 2.0 Short Blades
 - Level 2.0 Throwing
 - Level 5.5 Dodging
 - Level 8.3 Stealth


You had 6 spell levels left.
You didn't know any spells.
Your spell library contained the following spells:

 Spells                   Type           Power        Failure   Level
 Animate Skeleton         Necr           #.....       30%         1
 Apportation              Tloc           #.....       30%         1
 Corona                   Hex            #......      30%         1
 Summon Small Mammal      Summ           #...         30%         1


Dungeon Overview and Level Annotations

Branches:
Dungeon (6/15)
 Temple: D:4-7

Altars:
Dithmenos
Elyvilon
Gozag
Makhleb
Nemelex Xobeh
Wu Jian
Xom

Annotations:
D:4 Duvessa


Innate Abilities, Weirdness & Mutations

You cannot wear most types of armour.
You are very stealthy in the water. (Stealth+)
You are amphibious.
You can wear up to eight rings at the same time.
You can use your tentacles to constrict eight enemies at once.
Your skin changes colour to match your surroundings (Stealth+).
Your rubbery body absorbs attacks. (AC +1, EV +1)


Message History

* * * LOW HITPOINT WARNING * * *
The ufetubus completely misses you.
You hit the ufetubus.
The ufetubus is heavily wounded.
You constrict the ufetubus. The ufetubus barely misses you.
The ufetubus hits you.
* * * LOW HITPOINT WARNING * * *
The ufetubus closely misses you. x2
You hit the ufetubus.
You squeeze the ufetubus, but do no damage.
The ufetubus is almost dead.
You constrict the ufetubus.
You kill the ufetubus!
Okay, then.
You hit the ice beast.
The ice beast is severely wounded.
The ice beast hits you.
* * * LOW HITPOINT WARNING * * *
The ice beast freezes you.
You die...

#.##.# #.##.###### ###
#.........#...
.....####.#.####.
.................
#....####.##########.##.
...................>....
#..#.####.##.###Y###.##.
...........#.# #@#
...#.##.#..#.# #.#
.....##.#..#.# #..
.............. ..##
..)#...####### ...
.......# .... .......#
#.... ...#...# '.....
.......# #.###


You could see an ice beast.

Vanquished Creatures
  A centaur (D:5)
  Dowan (D:4)
  A scorpion (D:3)
  2 bullfrog zombies
  4 crimson imps (D:3)
  A jelly (D:5)
  A hound (D:6)
  2 iguanas (D:4)
  Natasha (D:4)
  2 worker ants (D:5)
  A hound zombie (D:5)
  Robin (D:3)
  4 adders
  An ufetubus (D:5)
  A worm (D:2)
  A dart slug (D:2)
  A leopard gecko (D:1)
  10 bats
  14 goblins
  4 hobgoblins
  2 jackals (D:2)
  A quokka (D:2)
  2 ball pythons
  2 frilled lizards
  A kobold (D:2)
  9 rats
71 creatures vanquished.

Notes
Turn   | Place    | Note
-------+----------+-------------------------------------------
     0 | D:1      | meowmixalot the Octopode Brigand began the quest for the
                  | Orb.
     0 | D:1      | Reached XP level 1. HP: 14/14 MP: 1/1
   272 | D:1      | Reached XP level 2. HP: 19/19 MP: 2/2
   488 | D:2      | Found a shadowy altar of Dithmenos.
   705 | D:2      | Reached XP level 3. HP: 16/24 MP: 3/3
  1076 | D:2      | Found a burning altar of Makhleb.
  1326 | D:3      | Reached skill level 6 in Stealth
  1326 | D:3      | Reached XP level 4. HP: 28/29 MP: 4/4
  1514 | D:3      | Found a shimmering altar of Xom.
  1530 | D:3      | Reached XP level 5. HP: 25/34 MP: 5/5
  1567 | D:3      | Reached skill level 5 in Dodging
  1848 | D:3      | Reached XP level 6. HP: 14/39 MP: 6/6
  2059 | D:3      | Found a sparkling altar of Nemelex Xobeh.
  2059 | D:3      | Found a white marble altar of Elyvilon.
  2091 | D:3      | Found an opulent altar of Gozag.
  2119 | D:3      | Became a worshipper of Elyvilon the Healer
  2296 | D:4      | Noticed Robin
  2522 | D:3      | Killed Robin
  2652 | D:4      | Reached skill level 7 in Stealth
  2677 | D:5      | Entered Level 5 of the Dungeon
  2697 | D:4      | Noticed Natasha
  2699 | D:4      | Reached * piety under Elyvilon
  2703 | D:4      | Killed Natasha
  2805 | D:4      | Noticed Duvessa
  2806 | D:4      | Noticed Dowan
  2821 | D:4      | Elyvilon protects you from harm!
  2823 | D:4      | Elyvilon protects you from harm!
  2827 | D:4      | Killed Dowan
  2827 | D:4      | Was placed under penance by Elyvilon
  3027 | D:4      | Reached skill level 8 in Stealth
  3027 | D:4      | Reached XP level 7. HP: 45/45 MP: 7/7
  3063 | D:5      | Found an ornate altar of the Wu Jian Council.
  3088 | D:5      | HP: 1/45 [orc/+3 trident (11)]
  3148 | D:6      | Was forgiven by Elyvilon
  3832 | D:5      | HP: 2/48 [ufetubus (3)]
  3834 | D:5      | Slain by an ice beast

Illustrated notes

Levels and vault maps discovered:
D:1:      minmay_arrival_jagged, layout_basic
D:2:      layout_basic, lemuel_round_altar, grunt_dithmenos_smoke_and_mirrors
D:3:      layout_rooms, gammafunk_temple_overflow_elements, led_xom_imps,
          lemuel_doored_altar
D:4:      layout_loops_corners, temple_green, uniq_duvessa, uniq_purgy,
          uniq_natasha, uniq_robin
D:5:      layout_basic, basic_altar, nrook_mini_vaults, uniq_pikel,
          uniq_eustachio, uniq_prince_ribbit1
D:6:      layout_basic, chequers_temple_overflow_statue_of_worship,
          portal_sewer_entry_f, minmay_misc_feat_chi, corexii_checkpoint_a,
          eino_small_chamber_without_monster, minivault_23

Skill      XL: |  1  2  3  4  5  6  7 |
---------------+----------------------+-----
Dodging        | 2 3 4 5 |  5.5
Stealth        | 6 8 |  8.3
Fighting       | 4 |  4.1
Short Blades   | |  2.0
Throwing       | |  2.0

Action                   |  1- 3 |  4- 6 |  7- 9 || total
-------------------------+-------+-------+-------++-------
Melee: Dagger            |    56 |    92 |    46 ||   194
       Tentacles         |     5 |    14 |    15 ||    34
       Constrict         |    10 |    16 |     6 ||    32
Invok: Lesser Healing    |       |     3 |       ||     3
       Divine Protection |       |     1 |       ||     1
  Use: Scroll            |       |    10 |     1 ||    11
       Potion            |       |     1 |     2 ||     3
 Stab: Sleeping          |    14 |     4 |     2 ||    20
Armor: Skin              |     8 |     5 |     4 ||    17
Dodge: Dodged            |    36 |    62 |    55 ||   153

Table legend: (Time is in decaauts)
 A = Elapsed time spent in this place.
 B = Non-inter-level travel time spent in this place.
 C = Inter-level travel time spent in this place.
 D = Time resting spent in this place.
 E = Time spent auto-exploring this place.
 F = Levels seen in this place.
 G = Mean time per level.
                   A        B        C        D        E       F      G
               +--------+--------+--------+--------+--------+-----+--------+
         Total |   3822 |   3734 |     88 |   1415 |   1591 |   6 |  637.0 |
       Dungeon |   3822 |   3734 |     88 |   1415 |   1591 |   6 |  637.0 |
               +--------+--------+--------+--------+--------+-----+--------+

Top non-repeatable levels by time:
     D:3: 1279 daAuts
     D:2: 775 daAuts
     D:5: 650 daAuts
     D:1: 452 daAuts
     D:6: 337 daAuts
     D:4: 327 daAuts
